 Dungeon Crawl Stone Soup version 0.30-a0-591-g3c58d2bc28 (webtiles) character file.

Game seed: 5534704772464347370

4364 purpskrrrp the Skirmisher (level 10, 0/79 HPs)
             Began as a Formicid Hunter on Jan 5, 2023.
             Was a High Priest of Zin.
             Slain by a wyvern (8 damage)
             ... on level 8 of the Dungeon.
             The game lasted 00:12:37 (6279 turns).

purpskrrrp the Skirmisher (Formicid Hunter)         Turns: 6279, Time: 00:12:38

Health: 0/79       AC: 12    Str: 14    XL:     10   Next: 60%
Magic:  15/15      EV: 15    Int:  9    God:    Zin [*****.]
Gold:   1090       SH:  0    Dex: 24    Spells: 9/9 levels left

rFire   . . .      SeeInvis +    a - +1 shortbow (heavy)
rCold   . . .      Faith    .    (no shield)
rNeg    + . .      Spirit   .    q - +3 ring mail
rPois   +          Reflect  .    (helmet unavailable)
rElec   +          Harm     .    z - +0 cloak
rCorr   .          Rampage  .    (no gloves)
Will    +....                    t - +1 pair of boots
Stlth   ++                       p - amulet of the acrobat
HPRegen 0.33/turn                o - ring "Mofrao Enoth" {Fly rElec rPois Str-2 Dex+3}
MPRegen 0.14/turn                j - ring of positive energy

@: flying
A: permanent stasis, dig shafts and tunnels, antennae 3, four strong arms
a: Dig, Shaft Self, Renounce Religion, Recite, Vitalisation, Imprison,
Sanctuary, Donate Gold


You were on level 8 of the Dungeon.
You worshipped Zin.
Zin was extremely pleased with you.
You visited 1 branch of the dungeon, and saw 9 of its levels.

You collected 1211 gold pieces.
You donated 121 gold pieces to Zin.

Inventory:

Hand Weapons
 a - a +1 heavy shortbow (weapon)
Armour
 c - a +0 leather armour
 q - a +3 ring mail (worn)
 t - a +1 pair of boots (worn)
 z - a +0 cloak (worn)
Jewellery
 i - an amulet of reflection
 j - a ring of positive energy (right hand)
 k - an amulet of guardian spirit
 o - the ring "Mofrao Enoth" (left hand) {Fly rElec rPois Str-2 Dex+3}
   (You found it on level 2 of the Dungeon)

   [ring of flight]

   Str:       It affects your strength (-2).
   Dex:       It affects your dexterity (+3).
   rElec:     It insulates you from electricity.
   rPois:     It protects you from poison.
   Fly:       It grants you flight.
 p - an amulet of the acrobat (around neck)
Wands
 r - a wand of iceblast (7)
 s - a wand of flame (6)
 y - a wand of mindburst (12)
 A - a wand of charming (1)
Scrolls
 b - a scroll of immolation
 n - 4 scrolls of identify
 u - 2 scrolls of fear
 v - a scroll of poison
 w - 2 scrolls of magic mapping {unknown}
 x - a scroll of amnesia
Potions
 d - a potion of attraction
 e - a potion of mutation
 g - a potion of berserk rage
 h - 2 potions of haste
 l - 2 potions of flight
 m - 2 potions of lignification
 B - a potion of degeneration {unknown}


   Skills:
 + Level 7.0 Fighting
 * Level 9.6 Ranged Weapons
 + Level 6.1 Armour
 + Level 5.7 Dodging
 - Level 2.3 Stealth
 + Level 6.8 Invocations


You had 9 spell levels left.
You didn't know any spells.
Your spell library contained the following spells:

 Spells                   Type           Power      Damage    Failure   Level
 Necrotise                Necr           0%         1d4       58%         1
 Sandblast                Erth           0%         2d4       58%         1
 Passwall                 Tmut/Erth      0%         N/A       75%         2
 Stone Arrow              Conj/Erth      0%         3d7       92%         3
 Tukima's Dance           Hex            0%         N/A       92%         3
 Vampiric Draining        Necr           0%         2d6       92%         3
 Passage of Golubria      Tloc           0%         N/A       100%        4
 Agony                    Necr           0%         N/A       100%        5
 Yara's Violent Unravell  Hex/Tmut       0%         3d3       100%        5


Dungeon Overview and Level Annotations

Branches:
Dungeon (9/15)
 Temple: D:4-7         Lair: D:8-11         Orc: D:9-12

Altars:
Ashenzari
Nemelex Xobeh
Sif Muna
Trog
Vehumet
Zin

Shops:
D:5 =

Annotations:
D:3 2 runed translucent doors, PyroL's ghost, amateur SpHu


Innate Abilities, Weirdness & Mutations

You cannot be hasted, slowed, berserked, paralysed or teleported.
You can dig through walls and to a lower floor.
You have a pair of large antennae on your head. (SInv)
Your four strong arms can wield two-handed weapons with a shield.


Message History

Aim: a gnoll sergeant, wielding a +0 spear and wearing a +0 ring mail (lightly wounded, 76% to hit)
You shoot an arrow. The arrow closely misses the wyvern.
The arrow hits the gnoll sergeant but does no damage.
The gnoll sergeant is lightly wounded.
The wyvern bites you.
* * * LOW HITPOINT WARNING * * *
The wyvern closely misses you.
The gnoll sergeant hits you but does no damage.
The wyvern misses you.
Fire: a) +1 shortbow (heavy)
Press: ? - help, Shift-Dir - straight line, f/p - gnoll sergeant
Aim: a gnoll sergeant, wielding a +0 spear and wearing a +0 ring mail (lightly wounded, 76% to hit)
You shoot an arrow. The arrow barely misses the wyvern.
The arrow hits the gnoll sergeant.
The gnoll sergeant is lightly wounded.
The wyvern closely misses you.
The gnoll sergeant hits you from afar with a +0 spear!
* * * LOW HITPOINT WARNING * * *
The wyvern completely misses you.
The gnoll sergeant hits you from afar with a +0 spear.
* * * LOW HITPOINT WARNING * * *
Fire: a) +1 shortbow (heavy)
Press: ? - help, Shift-Dir - straight line, f/p - gnoll sergeant
Aim: a gnoll sergeant, wielding a +0 spear and wearing a +0 ring mail (lightly wounded, 76% to hit)
You shoot an arrow.
The arrow hits the wyvern but does no damage.
The wyvern is heavily wounded.
The wyvern closely misses you. The wyvern misses you.
The gnoll sergeant hits you but does no damage.
The wyvern barely misses you.
Fire: a) +1 shortbow (heavy)
Press: ? - help, Shift-Dir - straight line, f/p - gnoll sergeant
Aim: a gnoll sergeant, wielding a +0 spear and wearing a +0 ring mail (lightly wounded, 76% to hit)
You shoot an arrow. The arrow barely misses the wyvern.
The arrow hits the gnoll sergeant.
The gnoll sergeant is lightly wounded.
The gnoll sergeant misses you.
The wyvern bites you but does no damage.
The wyvern bites you!
You die...

+........# {
#........# .. {
#.....†.## .### #
#.......####...##.#
##..)##....#....#.#
##'####...# ...#.# #.#
#...## ....#
###.######..###)<#
#.......###.@lgh.#
#....##.# ####c#.#
###.....#.# #...#
#........#.########.#
#.##.#.)............#
..........#.##########
##.##.....#.#
#........#.# #.......#


You could see a black bear, a wyvern, a gnoll sergeant and a centaur.

Vanquished Creatures
  A cyclops (D:7)
  Grinder (D:6)
  A wyvern (D:8)
  5 yaks (D:8)
  An orc warrior (D:7)
  3 ice beasts
  2 ogres (D:5)
  2 black bears (D:6)
  5 centaurs
  2 kobold brigands
  4 bullfrogs
  3 gnoll sergeants
  A necrophage (D:7)
  3 scorpions
  A wight (D:7)
  4 killer bees (D:6)
  3 howler monkeys
  A jelly (D:5)
  A gnoll bouda (D:8)
  3 hounds
  2 orc priests
  2 iguanas
  An orc wizard (D:5)
  5 adders
  18 gnolls
  2 shadow imps
  2 white imps (D:8)
  2 worms
  4 dart slugs
  14 orcs
  7 ball pythons (D:1)
  12 endoplasms
  2 giant cockroaches
  8 goblins
  8 hobgoblins
  10 jackals
  12 kobolds
  2 quokkas
  2 bats
  2 frilled lizards
  5 rats
169 creatures vanquished.

Vanquished Creatures (others)
  11 plants (D:7)
11 creatures vanquished.

Grand Total: 180 creatures vanquished

Notes
Turn   | Place    | Note
-------+----------+-------------------------------------------
     0 | D:1      | purpskrrrp the Formicid Hunter began the quest for the Orb.
     0 | D:1      | Reached XP level 1. HP: 16/16 MP: 1/1
    65 | D:1      | Reached XP level 2. HP: 23/23 MP: 2/2
   233 | D:1      | Reached XP level 3. HP: 28/28 MP: 3/3
   307 | D:1      | Found a faded altar of an unknown god.
   976 | D:1      | Prayed at the altar of an unknown god.
   976 | D:1      | Became a worshipper of Zin the Law-Giver
   976 | D:1      | Reached * piety under Zin
  1026 | D:2      | Reached XP level 4. HP: 29/34 MP: 4/4
  1537 | D:2      | Identified the ring "Mofrao Enoth" {Fly rElec rPois Str-2
                  | Dex+3}
  1951 | D:3      | Reached XP level 5. HP: 40/40 MP: 5/5
  1998 | D:3      | Found a large runed translucent door.
  1999 | D:3      | Found a large runed translucent door.
  2002 | D:3      | Noticed PyroL's ghost (amateur SpHu)
  2060 | D:3      | Reached skill level 1 in Invocations
  2090 | D:3      | Found a broken altar of Ashenzari.
  2547 | D:4      | Reached skill level 5 in Ranged Weapons
  2547 | D:4      | Reached skill level 1 in Armour
  2547 | D:4      | Reached XP level 6. HP: 47/47 MP: 5/7
  2630 | D:4      | Reached ** piety under Zin
  2954 | D:4      | Identified a scroll of acquirement
  2954 | D:4      | Acquired 870 gold pieces
  2955 | D:4      | Reached *** piety under Zin
  2955 | D:4      | Reached **** piety under Zin
  2976 | D:5      | Entered Level 5 of the Dungeon
  3008 | D:5      | Noticed an ogre
  3011 | D:5      | Killed an ogre
  3012 | D:5      | Reached XP level 7. HP: 45/53 MP: 8/8
  3076 | D:5      | Found a bloodstained altar of Trog.
  3332 | D:5      | Reached ***** piety under Zin
  3351 | D:5      | Reached skill level 6 in Ranged Weapons
  3474 | D:5      | Found Byggot's Jewellery Boutique.
  3609 | D:5      | Reached XP level 8. HP: 60/60 MP: 10/10
  3825 | D:6      | Found a shimmering blue altar of Sif Muna.
  3825 | D:6      | Found a radiant altar of Vehumet.
  3867 | D:6      | Found a sparkling altar of Nemelex Xobeh.
  4100 | D:6      | Noticed Grinder
  4106 | D:6      | Killed Grinder
  4133 | D:6      | Reached skill level 7 in Ranged Weapons
  4136 | D:6      | HP: 2/61 [killer bee (4)]
  4147 | D:6      | Reached skill level 5 in Fighting
  4156 | D:6      | Reached XP level 9. HP: 14/68 MP: 12/12
  4319 | D:6      | Reached skill level 5 in Invocations
  4567 | D:7      | Noticed a cyclops
  4574 | D:7      | Killed a cyclops
  4575 | D:7      | Reached skill level 8 in Ranged Weapons
  4958 | D:7      | Reached skill level 5 in Armour
  4958 | D:7      | Reached skill level 5 in Dodging
  5022 | D:7      | Noticed a fire dragon
  5031 | D:7      | Zin protects you from harm!
  5033 | D:7      | HP: 2/69 [fire dragon (3)]
  5035 | D:7      | You are sucked into a shaft and drop 2 floors!
  5249 | D:9      | Reached XP level 10. HP: 72/76 MP: 14/14
  5449 | D:8      | Reached skill level 9 in Ranged Weapons
  6279 | D:8      | Slain by a wyvern

Illustrated notes

Levels and vault maps discovered:
D:1:      lightli_arrival_quake, layout_basic, dreamdust_ecumenical_altar_grove,
          minmay_nonomino_d4
D:2:      layout_basic
D:3:      layout_basic, cheibrodos_ashenzari_chains, ebering_ghost_disaster_area
D:4:      layout_cave_pools, serial_glass, glass_columns_a, glass_columns_b,
          glass_columns_a
D:5:      layout_rooms, nicolae_overflow_hidden_temple, serial_shops, shop
D:6:      layout_basic, chequers_temple_overflow_statue_of_worship,
          general_overflow_altar, uniq_grinder
D:7:      nzn_winding_woodlands_cross [nzn_winding_woodlands_5x15_split_checker,
          nzn_winding_woodlands_5x15_pool, nzn_winding_woodlands_5x15_zeroes,
          nzn_winding_woodlands_5x15_parted,
          nzn_winding_woodlands_15x15_five_gardens], layout_loops_ring,
          yredelemnul_forgotten_temple_becter, minmay_temple_entry_hall,
          minmay_between, uniq_crazy_yiuf_cottage
D:8:      layout_loops_corners, minmay_bent
D:9:      layout_cave_pools, serial_shops, nicolae_shop_hallway_plus

Skill      XL: |  1  2  3  4  5  6  7  8  9 10 |
---------------+-------------------------------+-----
Dodging        | 2 3 4 5 |  5.7
Stealth        | 2 |  2.3
Fighting       | 3 4 5 6 7 |  7.0
Invocations    | 1 2 3 4 5 6 |  6.8
Ranged Weapons | 5 6 7 8 9 |  9.6
Armour         | 1 2 4 5 6 |  6.1

Action                   |  1- 3 |  4- 6 |  7- 9 | 10-12 || total
-------------------------+-------+-------+-------+-------++-------
 Fire: Shortbow          |    85 |    96 |   146 |   107 ||   434
Invok: Recite            |       |     1 |       |       ||     1
       Imprison          |       |       |       |     1 ||     1
 Abil: Shaft Self        |       |       |     1 |       ||     1
  Use: Scroll            |    11 |     8 |     1 |       ||    20
       Potion            |       |     1 |     5 |     2 ||     8
Armor: Leather armour    |     7 |       |       |       ||     7
       Ring mail         |     3 |    26 |    50 |    41 ||   120
Dodge: Dodged            |    31 |    45 |   132 |    98 ||   306

Table legend: (Time is in decaauts)
 A = Elapsed time spent in this place.
 B = Non-inter-level travel time spent in this place.
 C = Inter-level travel time spent in this place.
 D = Time resting spent in this place.
 E = Time spent auto-exploring this place.
 F = Levels seen in this place.
 G = Mean time per level.
                   A        B        C        D        E       F      G
               +--------+--------+--------+--------+--------+-----+--------+
         Total |   6586 |   6456 |    130 |   1224 |   3933 |   9 |  731.8 |
       Dungeon |   6586 |   6456 |    130 |   1224 |   3933 |   9 |  731.8 |
               +--------+--------+--------+--------+--------+-----+--------+

Top non-repeatable levels by time:
     D:1: 1020 daAuts
     D:8: 926 daAuts
     D:6: 885 daAuts
     D:2: 843 daAuts
     D:5: 798 daAuts
     D:3: 770 daAuts
     D:7: 493 daAuts
     D:4: 459 daAuts
     D:9: 388 daAuts
